 Dungeon Crawl Stone Soup version 0.31.0-2-g5a2aebc5c2 (webtiles) character file.

Game seed: 13458030253981484486

49 booth the Trooper (level 3, 0/29 HPs)
             Began as a Demonspawn Monk on Jan 20, 2024.
             Slain by Natasha (8 damage)
             ... on level 2 of the Dungeon.
             The game lasted 00:04:15 (918 turns).

booth the Trooper (Demonspawn Monk)                  Turns: 918, Time: 00:04:15

Health: 0/29       AC:  4    Str: 13    XL:     3   Next: 51%
Magic:  3/3        EV: 12    Int: 10    God:
Gold:   26         SH:  0    Dex: 15    Spells: 2/2 levels left

rFire   . . .        a - +0 hand axe
rCold   . . .        d - orb {light}
rNeg    . . .        j - +1 leather armour
rPois   .            (no helmet)
rElec   .            (no cloak)
rCorr   .            (no gloves)
SInv    .            (no boots)
Will    .....        (no amulet)
Stlth   +            (no ring)
HPRegen 0.24/turn    (no ring)
MPRegen 0.08/turn

%: no passive effects
@: slowed, glowing, very slow
A: powered by death 1
a: no special abilities


You were on level 2 of the Dungeon.
You visited 1 branch of the dungeon, and saw 2 of its levels.

You collected 26 gold pieces.

Inventory:

Hand Weapons
 a - a +0 hand axe (weapon)
 h - a +0 mace
Armour
 d - an orb of light (worn)
 j - a +1 leather armour (worn)
Potions
 b - a potion of curing
 c - a potion of ambrosia
 e - a potion of mutation {unknown}
 i - a potion of enlightenment {unknown}


   Skills:
 + Level 3.5 Fighting
 * Level 3.5 Axes
 - Level 2.9 Dodging


You had 2 spell levels left.
You didn't know any spells.
Your spell library was empty.

Dungeon Overview and Level Annotations

Branches:
Dungeon (2/15)

Altars:

Annotations:
D:2 Natasha


Innate Abilities, Weirdness & Mutations

You regenerate a little health from kills.


Message History

Natasha hisses angrily.
The kobold shouts!
The bat barely misses you.
Found a bubbling green potion.
You hit the bat but do no damage. The bat hits you but does no damage.
The kobold throws a stone.
The stone hits you. The bat hits you.
The kobold hits you with a +1 short sword of electrocution.
Natasha closely misses you.
There is an open door here.
You completely miss the kobold. You hit Natasha. The bat barely misses you.
The kobold hits you but does no damage. The bat hits you but does no damage.
Natasha claws you but does no damage.
You hit the kobold but do no damage. You hit Natasha. You hit the bat.
You kill the bat!
The kobold hits you but does no damage. Natasha barely misses you.
The kobold closely misses you.
You completely miss the kobold. You barely miss Natasha.
Natasha casts a spell at you. The magic dart hits you!
The kobold hits you but does no damage. Natasha claws you.
You hit the kobold but do no damage. You closely miss Natasha.
The kobold hits you but does no damage.
Natasha stares at you and mumbles some strange words.
You feel yourself slow down.
You hit the kobold but do no damage. You hit Natasha.
The kobold closely misses you. Natasha claws you.
The kobold closely misses you. Natasha closely misses you.
The kobold attacks as it pursues you! The kobold barely misses you.
Natasha mumbles some strange words.
You hit the kobold.
You kill the kobold!
The cerulean imp misses you. Natasha claws you.
You hit Natasha but do no damage.
Natasha is heavily wounded.
The cerulean imp completely misses you. Natasha closely misses you.
The cerulean imp hits you from afar with a +0 spear.
* * * LOW HITPOINT WARNING * * *
Natasha claws you!
You die...
Natasha curls up and begins to purr.

##....... ##.......##
#.........# #+##
#.........##...# #
#.........#..... ..
#.......5#......
#.########.†.....#.......
................@h!......
.....#####.#..####†......
..##.# #.###.# #...... .
##.# #.# ##.# #..... .
.#.##.# #.# #...#
.#.#.### ## #+## ...#.#
..##.# .....#


You could see Natasha and a cerulean imp (summoned).

Vanquished Creatures
  An adder (D:2)
  4 dart slugs (D:1)
  2 endoplasms (D:1)
  A giant cockroach (D:2)
  5 goblins (D:1)
  4 hobgoblins (D:1)
  A ball python (D:1)
  4 bats
  2 frilled lizards (D:1)
  2 kobolds
  6 rats
32 creatures vanquished.

Notes
Turn   | Place    | Note
-------+----------+-------------------------------------------
     0 | D:1      | booth the Demonspawn Monk began the quest for the Orb.
     0 | D:1      | Reached XP level 1. HP: 18/18 MP: 1/1
   111 | D:1      | Gained mutation: You regenerate a little health from kills.
                  | [demonic ancestry]
   111 | D:1      | Reached XP level 2. HP: 17/24 MP: 2/2
   563 | D:1      | Reached XP level 3. HP: 29/29 MP: 3/3
   908 | D:2      | Noticed Natasha
   918 | D:2      | Slain by Natasha

Illustrated notes

Levels and vault maps discovered:
D:1:      doesnt_arrival_eight_statues, layout_loops_ring
D:2:      layout_loops_corners, minmay_domino_2, uniq_natasha

Skill      XL: |  1  2 |
---------------+-------+-----
Axes           | 3 |  3.5
Fighting       | |  3.5
Dodging        | |  2.9

Action                     || total
---------------------------++-------
  Melee: Hand axe          ||    87
    Use: Scroll            ||     2
 Armour: Robe              ||    18
         Leather armour    ||    42
  Dodge: Dodged            ||    49
